 Dungeon Crawl Stone Soup version 0.28.0-53-g5a82cb258f (webtiles) character file.

Game seed: 6550582478730132317

350 pkoi the Conjurer (level 6, -1/45 HPs)
             Began as a Demigod Hedge Wizard on May 23, 2022.
             Slain by a scorpion (4 damage)
             ... on level 3 of the Dungeon.
             The game lasted 00:06:52 (5666 turns).

pkoi the Conjurer (Demigod Hedge Wizard)            Turns: 5666, Time: 00:06:53

Health: -1/45      AC:  3    Str: 11    XL:     6   Next: 11%
Magic:  0/13       EV: 12    Int: 24    God:
Gold:   135        SH:  0    Dex: 13    Spells: 2/11 levels left

rFire   . . .      SeeInvis .   e - staff of conjuration
rCold   . . .      Faith    .   (no shield)
rNeg    . . .      Spirit   .   b - +0 robe
rPois   .          Reflect  .   c - +1 hat
rElec   .          Harm     .   (no cloak)
rCorr   .          Rampage  .   (no gloves)
Will    .....                   (no boots)
Stlth   ++........              (no amulet)
HPRegen 0.15/turn               (no ring)
MPRegen 0.13/turn               (no ring)

@: no status effects
A: high MP 1, forlorn, divine attributes
a: no special abilities


You were on level 3 of the Dungeon.
You visited 1 branch of the dungeon, and saw 4 of its levels.

You collected 135 gold pieces.

Inventory:

Hand Weapons
 a - a +0 dagger
 i - a +0 vampiric dagger
Armour
 b - a +0 robe (worn)
 c - a +1 hat (worn)
Magical Staves
 e - a staff of conjuration (weapon)
Jewellery
 m - a +6 ring of dexterity
Scrolls
 d - a scroll of enchant armour
 f - a scroll of teleportation
 n - a scroll of identify {unknown}
Potions
 g - a potion of heal wounds {unknown}
 h - a potion of curing {unknown}
 j - a potion of degeneration {unknown}
 k - a potion of lignification {unknown}
 l - a potion of berserk rage {unknown}


   Skills:
 - Level 1.7 Dodging
 - Level 1.7 Stealth
 - Level 3.0 Spellcasting
 + Level 5.3 Conjurations
 - Level 0.8 Summonings
 - Level 0.8 Translocations
 + Level 1.0 Fire Magic
 + Level 0.9 Air Magic
 + Level 0.9 Poison Magic


You had 2 spell levels left.
You knew the following spells:

 Your Spells              Type           Power      Damage    Failure   Level
a - Magic Dart            Conj           100%       1d8       1%          1
b - Searing Ray           Conj           86%        2d7       1%          2
c - Conjure Flame         Conj/Fire      28%        6-21      9%          3
d - Mephitic Cloud        Conj/Pois/Air  22%        N/A       12%         3

Your spell library contained the following spells:

 Spells                   Type           Power      Damage    Failure   Level
 Slow                     Hex            12%        N/A       11%         1
 Blink                    Tloc           14%        N/A       12%         2
 Call Imp                 Summ           7%         N/A       12%         2
 Fulminant Prism          Conj/Hex       12%        3d9       36%         4
 Irradiate                Conj/Tmut      12%        3d17      71%         5
 Blade Hands              Tmut           1%         N/A       96%         5
 Dragon Form              Tmut           1%         N/A       100%        7


Dungeon Overview and Level Annotations

Branches:
Dungeon (4/15)             Temple (0/1) D:4

Shops:
D:2 ?


Innate Abilities, Weirdness & Mutations

You have an increased reservoir of magic. (+10% MP)
You shall have no god before yourself.
Your divine heritage dramatically boosts your attributes as you level up.


Message History

* * * LOW HITPOINT WARNING * * *
The scorpion stings you.
* * * LOW HITPOINT WARNING * * *
The scorpion barely misses you.
There is a stone staircase leading up here.
The scorpion stings you!
* * * LOW HITPOINT WARNING * * *
You climb upwards.
There is a stone staircase leading down here.
Unknown command.
Unknown command.
The scorpion stings you.
* * * LOW HITPOINT WARNING * * *
The scorpion stings you.
* * * LOW HITPOINT WARNING * * *
You feel the dreadful sensation subside.
e - a staff of conjuration (weapon)
The scorpion barely misses you. The scorpion stings you.
* * * LOW HITPOINT WARNING * * *
Casting: Searing Ray (safe; 1% risk of failure)
Confirm with . or Enter, or press ? or * to list all spells.
Aiming: Searing Ray (safe; 1% risk of failure)
Press: ? - help, Shift-Dir - straight line, f - scorpion
Aim: a scorpion (82% to hit)
You feel a surge of power!
The searing ray hits the scorpion!
The scorpion is heavily wounded. (Press . to maintain the ray.)
The scorpion closely misses you.
The searing ray hits the scorpion.
The scorpion is heavily wounded.
The scorpion stings you.
* * * LOW HITPOINT WARNING * * *
Unknown command.
The searing ray misses the scorpion.
The scorpion closely misses you.
Unknown command.
The searing ray misses the scorpion.
You finish channelling your searing ray.
The scorpion stings you.
You die...

##≈≈####≈≈##.......##.#
≈#≈## ##≈##...#..###.#
≈#######.###.#.#..# #.#
.###....## #.#....##########
.#.'....# #.#.......≈)≈...#
.'.'....# #.#.......≈≈≈.8.#
.###....## #.#..........8_8#
.#######.###.##.s....≈≈≈.8.#
##≈## ##≈##.###@....≈)≈...#
##≈≈####≈≈##.###..##########
#≈≈≈≈≈##≈≈≈#.............#
≈≈≈≈≈≈≈#≈≈≈#........#.####
≈≈≈≈≈≈≈#≈≈≈#.###....#.#
≈≈≈≈≈≈≈≈≈≈≈#...#......#
≈≈≈≈≈≈≈≈≈≈≈#...#....###
≈≈≈.#≈≈≈≈≈≈#...#....#
≈≈.P#≈≈≈≈≈≈#####....#


You could see a scorpion.

Vanquished Creatures
  A scorpion (D:2)
  A hound (D:4)
  A gnoll shaman (D:3)
  Natasha (twice) (D:4)
  A hound skeleton (D:4)
  5 gnolls
  4 adders
  A worm (D:4)
  4 dart slugs
  5 orcs
  5 ball pythons
  6 endoplasms
  2 giant cockroaches
  13 goblins
  4 hobgoblins
  4 jackals
  7 kobolds
  5 quokkas
  3 bats
  2 frilled lizards
76 creatures vanquished.

Notes
Turn   | Place    | Note
-------+----------+-------------------------------------------
     0 | D:1      | pkoi the Demigod Hedge Wizard began the quest for the Orb.
     0 | D:1      | Reached XP level 1. HP: 14/14 MP: 6/6
    97 | D:1      | Reached skill level 1 in Conjurations
   247 | D:1      | You fall into a shaft and drop 1 floor!
   332 | D:2      | Found Zest's Magic Scroll Boutique.
   441 | D:2      | Reached skill level 2 in Conjurations
   479 | D:2      | Reached XP level 2. HP: 17/20 MP: 5/8
  1468 | D:1      | Reached XP level 3. HP: 21/26 MP: 2/9
  1734 | D:2      | Reached skill level 3 in Conjurations
  2470 | D:2      | Noticed a scorpion
  2885 | D:2      | Learned a level 2 spell: Searing Ray
  2889 | D:2      | Learned a level 3 spell: Conjure Flame
  2957 | D:2      | Killed a scorpion
  2958 | D:2      | Reached skill level 4 in Conjurations
  2958 | D:2      | Reached XP level 4. HP: 24/33 MP: 2/11
  4176 | D:4      | Reached XP level 5. HP: 38/38 MP: 8/12
  4778 | D:3      | Reached skill level 5 in Conjurations
  5163 | D:4      | Found a staircase to the Ecumenical Temple.
  5175 | D:4      | Learned a level 3 spell: Mephitic Cloud
  5181 | D:4      | Noticed Natasha
  5191 | D:4      | Killed Natasha
  5559 | D:4      | Noticed Natasha
  5563 | D:4      | Killed Natasha
  5629 | D:4      | Reached XP level 6. HP: 23/45 MP: 2/13
  5634 | D:4      | Reached skill level 1 in Fire Magic
  5666 | D:3      | Slain by a scorpion

Illustrated notes

Levels and vault maps discovered:
D:1:      dpeg_arrival_rooms_with_view, layout_loops_ring,
          hellmonk_ecumenical_altar_blasted
D:2:      layout_rooms, serial_shops, shop, basic_altar
D:3:      wad_lake_hut, layout_basic, kennysheep_okawaru_gauntlet,
          nicolae_wu_jian_immortal_techniques, serial_park_tiny_1,
          grunt_decor_one_mirror
D:4:      layout_cave_pools, minmay_temple_entry_tees, grunt_decor_arrowhead,
          uniq_natasha, uniq_crazy_yiuf_cottage

Skill      XL: |  1  2  3  4  5  6 |
---------------+-------------------+-----
Conjurations   | 2 4 5 |  5.3
Spellcasting   | 3 |  3.0
Fire Magic     | 1 |  1.0
Dodging        | |  1.7
Stealth        | |  1.7
Summonings     | |  0.8
Translocations | |  0.8
Air Magic      | |  0.9
Poison Magic   | |  0.9

Action                   |  1- 3 |  4- 6 || total
-------------------------+-------+-------++-------
Melee: Staff             |    19 |     1 ||    20
       Dagger            |       |     3 ||     3
 Cast: Magic Dart        |    90 |    89 ||   179
       Searing Ray       |     1 |     4 ||     5
  Use: Scroll            |     2 |     3 ||     5
Armor: Robe              |     6 |     2 ||     8
Dodge: Dodged            |    19 |    18 ||    37
